 Dungeon Crawl Stone Soup version 0.31-a0-868-g674d60d6f7 (webtiles) character file.

Game seed: 11548339406665501946

6120 chunkyMonkey the Carver (level 10, 0/87 (88) HPs)
             Began as a Barachi Fighter on Oct 11, 2023.
             Was a Priest of Cheibriados.
             Slain by a death yak (8 damage)
             ... on level 10 of the Dungeon.
             The game lasted 00:22:25 (10051 turns).

chunkyMonkey the Carver (Barachi Fighter)          Turns: 10051, Time: 00:22:26

HP:   0/87 (88)     AC: 23    Str: 26    XL:     10   Next: 89%
MP:   26/26         EV: 13    Int: 16    God:    Cheibriados [***...]
Gold: 419           SH:  9    Dex: 33    Spells: 19/19 levels left

rFire   + + .        a - +0 long sword
rCold   . . .        c - +0 buckler
rNeg    . . .        f - +5 plate armour of the Pleiades {rElec Will- Dex+9}
rPois   .            (helmet restricted)
rElec   +            (no cloak)
rCorr   .            q - +0 pair of gloves
SInv    .            y - +0 pair of boots
Will    .....        (no amulet) Stlth
                     g - ring of magical power
HPRegen 0.34/turn    V - ring of protection from fire
MPRegen 0.20/turn

%: no passive effects
@: unable to hop, lightly drained, very slow
A: amphibious, slowness 1, strong legs 1, +LOS, horns 1, iridescent scales 1,
fire resistance 1, robust 1
a: Hop, Renounce Religion, Bend Time, Temporal Distortion


You were on level 10 of the Dungeon.
You worshipped Cheibriados.
Cheibriados was most pleased with you.
You visited 2 branches of the dungeon, and saw 11 of its levels.
You also visited: Sewer.

You collected 475 gold pieces.
You spent 56 gold pieces at shops.

Inventory:

Hand Weapons
 a - a +0 long sword (weapon)
 b - the +5 spear of Udot {drain, rN+ rCorr}
   (You found it on level 4 of the Dungeon)

   rN+:       It protects you from negative energy.
   rCorr:     It protects you from acid and corrosion.
 s - the +1 dagger of the Usurping Salmon {flame, rElec Will+++ MP-9}
   (You found it on level 2 of the Dungeon)

   rElec:     It insulates you from electricity.
   Will+++:   It greatly increases your willpower.
   MP-9:      It affects your magic capacity (-9).
 D - a +2 war axe of electrocution
 K - a +2 dagger of venom
 O - a +2 dagger of flaming
 T - a +2 rapier of holy wrath
 Z - a +2 war axe of draining
Missiles
 k - 11 poisoned darts
 m - 6 atropa-tipped darts
 t - 6 darts of dispersal
 U - a throwing net
Armour
 c - a +0 buckler (worn)
 f - the +5 plate armour of the Pleiades (worn) {rElec Will- Dex+9}
   (You found it on level 10 of the Dungeon)

   Dex+9:     It affects your dexterity (+9).
   rElec:     It insulates you from electricity.
   Will-:     It decreases your willpower.
 q - a +0 pair of gloves (worn)
 y - a +0 pair of boots (worn)
 A - a +0 plate armour
Jewellery
 g - a ring of magical power (left hand)
 i - a ring of wizardry
 l - a ring of ice
 L - a +6 ring of intelligence
 V - a ring of protection from fire (right hand)
 Y - an amulet of magic regeneration
Wands
 o - a wand of quicksilver (6)
 x - a wand of flame (10)
 J - a wand of paralysis (7)
 N - a wand of roots (5)
Scrolls
 e - 4 scrolls of fear
 j - 2 scrolls of amnesia
 n - a scroll of blinking
 v - 2 scrolls of immolation
 w - 3 scrolls of enchant weapon
 H - 2 scrolls of summoning
 I - 2 scrolls of poison
 M - 3 scrolls of enchant armour
 Q - 2 scrolls of teleportation
 R - a scroll of noise {unknown}
 W - a scroll of vulnerability {unknown}
 X - a scroll of torment {unknown}
Potions
 d - a potion of attraction
 h - 4 potions of mutation
 p - a potion of resistance
 r - a potion of cancellation
 u - 2 potions of degeneration {unknown}
 z - 2 potions of enlightenment {unknown}
 B - a potion of heal wounds {unknown}
 C - 3 potions of curing
 E - 2 potions of haste
 F - 3 potions of might
 G - 2 potions of berserk rage {unknown}
 S - a potion of lignification {unknown}


   Skills:
 + Level 7.9 Fighting
 * Level 9.9 Long Blades
 + Level 7.8 Armour
 + Level 6.0 Dodging
 * Level 9.5 Shields
 + Level 5.3 Spellcasting


You had 19 spell levels left.
You didn't know any spells.
Your spell library contained the following spells:

 Spells                   Type           Power      Damage    Failure   Level
 Freeze                   Ice            16%        1d4       88%         1
 Cigotuvi's Dreadful Rot  Necr/Pois/Air  8%         N/A       95%         2
 Ensorcelled Hibernation  Hex/Ice        8%         N/A       95%         2
 Jinxbite                 Hex            8%         N/A       95%         2
 Lesser Beckoning         Tloc           8%         N/A       95%         2
 Frozen Ramparts          Ice            8%         1d2       99%         3
 Gell's Gravitas          Tloc           4%         N/A       99%         3
 Hailstorm                Conj/Ice       4%         3d4       99%         3
 Ignite Poison            Fire/Tmut/Pois 4%         N/A       99%         3
 Inner Flame              Hex/Fire       4%         N/A       99%         3
 Teleport Other           Tloc           4%         N/A       99%         3
 Anguish                  Hex/Necr       2%         N/A       100%        4
 Leda's Liquefaction      Hex/Erth       2%         N/A       100%        4
 Passage of Golubria      Tloc           4%         N/A       100%        4
 Freezing Cloud           Conj/Ice/Air   2%         6-21      100%        5
 Lee's Rapid Deconstruct  Erth           2%         3d4*      100%        5
 Silence                  Hex/Air        2%         N/A       100%        5
 Yara's Violent Unravell  Hex/Tmut       2%         3d3       100%        5
 Bombard                  Conj/Erth      2%         9d1       100%        6
 Enfeeble                 Hex            2%         N/A       100%        7
 Lehudib's Crystal Spear  Conj/Erth      2%         10d2      100%        8


Dungeon Overview and Level Annotations

Branches:
Dungeon (10/15)            Temple (1/1) D:5            Lair (0/5) D:10
  Sewer (visited)
    Orc: D:9-12

Altars:
Ashenzari
Cheibriados
Dithmenos
Elyvilon
Fedhas
Gozag
Hepliaklqana
Kikubaaqudgha
Makhleb
Nemelex Xobeh
Okawaru
Qazlal
Ru
Sif Muna
Trog
Uskayaw
Vehumet
Wu Jian
Xom
Yredelemnul
Zin
The Shining One

Shops:
D:2 (   D:4 *

Portals:
Abyss: D:3

Annotations:
D:3 2 transporters, osoart's ghost, amateur MfSh
D:5 2 transporters


Innate Abilities, Weirdness & Mutations

You are amphibious.
You cover ground slowly.
You can hop short distances.
You have an extended range of vision and can be seen from far away.
You have a pair of small horns on your head.
You are partially covered in iridescent scales. (AC +2)
Your flesh is heat resistant. (rF+)
You are robust. (+10% HP)


Message History

The death yak gores you! You block the quokka's attack.
The death yak attacks as it pursues you!
The death yak gores you but does no damage.
The death yak gores you!
The death yak attacks as it pursues you!
The death yak gores you but does no damage.
The death yak barely misses you.
The rat twitches its whiskers.
The quokka attacks as it pursues you! The quokka closely misses you.
The death yak gores you. The death yak gores you!
The death yak attacks as it pursues you!
The death yak gores you but does no damage.
You block the death yak's attack. The death yak gores you!!
You block the death yak's attack. The death yak gores you!
* * * LOW HITPOINT WARNING * * *
You hit the death yak but do no damage. You headbutt the death yak.
The death yak is lightly wounded.
The death yak gores you.
* * * LOW HITPOINT WARNING * * *
Unknown command.
You hit the death yak.
The death yak is lightly wounded.
The death yak gores you!
* * * LOW HITPOINT WARNING * * *
Unknown command.
Aiming: Quicksilver Bolt
Press: ? - help, Shift-Dir - straight line, f - yak
Aim: a yak (83% to hit)
The bolt of dispelling energy hits the death yak!
The death yak is lightly wounded.
The bolt of dispelling energy hits the death yak!
The death yak is lightly wounded.
The bolt of dispelling energy hits the death yak!
The death yak is lightly wounded.
The bolt of dispelling energy hits the yak!
The yak is moderately wounded.
The death yak gores you!
You die...

######################..#
........<..))............
########.#############...
#.# #.## . #.# #.# ....
#.# #.# #r.. #.# #.# ....
#.# #.# .... #@# #.# ....
#Y# #.#
....############Y# #.#
[..........rYr.YY#######
#..
........)..<..rrY........
...$.........rr..........
#################...#####
...# ...#


You could see 3 death yaks, 2 yaks and 2 rats.

Vanquished Creatures
  A two-headed ogre (D:9)
  Prince Ribbit (D:8)
  A hornet (D:9)
  A shadow (D:10)
  A wraith (D:10)
  3 yaks (D:8)
  A wyvern (D:9)
  4 water moccasins
  Pargi (Sewer)
  2 ice beasts
  4 black bears
  4 ogres
  3 phantoms
  4 centaurs
  6 bullfrogs
  A kobold brigand (Sewer)
  4 scorpions
  7 wights
  7 killer bees
  3 howler monkeys (D:8)
  3 hounds
  A jelly (D:8)
  2 orc priests
  2 sleepcaps
  A gnoll bouda (D:9)
  4 iguanas
  8 orc wizards
  8 gnolls
  10 adders
  A shadow imp (D:8)
  A white imp (D:8)
  3 worms (D:3)
  25 orcs
  8 ball pythons
  4 endoplasms
  3 giant cockroaches
  5 goblins
  6 hobgoblins
  7 jackals
  7 kobolds
  4 quokkas
  3 bats
  4 frilled lizards
  2 rats (D:1)
181 creatures vanquished.

Vanquished Creatures (others)
  An orc wizard (D:7)
1 creature vanquished.

Grand Total: 182 creatures vanquished

Notes
Turn   | Place    | Note
-------+----------+-------------------------------------------
     0 | D:1      | chunkyMonkey the Barachi Fighter began the quest for the
                  | Orb.
     0 | D:1      | Reached XP level 1. HP: 18/18 MP: 1/1
   253 | D:1      | Reached XP level 2. HP: 24/25 MP: 2/2
   527 | D:1      | Reached XP level 3. HP: 30/30 MP: 3/3
   916 | D:2      | Reached skill level 1 in Dodging
   923 | D:2      | Found a faded altar of an unknown god.
   923 | D:2      | Found a faded altar of an unknown god.
   928 | D:2      | Reached XP level 4. HP: 37/37 MP: 5/5
  1203 | D:2      | Identified the +1 dagger of the Usurping Salmon {flame,
                  | rElec Will+++ MP-9}
  1252 | D:2      | Found Cyigacri's Antique Weapon Shop.
  1305 | D:3      | Reached skill level 1 in Spellcasting
  1367 | D:3      | Noticed a small abomination
  1368 | D:3      | Found a transporter.
  1378 | D:3      | Found a one-way gate to the infinite horrors of the Abyss.
  1378 | D:3      | Noticed osoart's ghost (amateur MfSh)
  1382 | D:3      | Noticed a small abomination
  1641 | D:3      | Reached XP level 5. HP: 42/42 MP: 6/6
  1687 | D:3      | Found a glowing drain.
  1691 | Sewer    | Entered a sewer
  1758 | Sewer    | Noticed a kobold brigand
  1764 | Sewer    | Killed a kobold brigand
  1894 | Sewer    | Noticed Pargi
  1901 | Sewer    | Killed Pargi
  1902 | Sewer    | Reached XP level 6. HP: 45/49 MP: 8/8
  2203 | D:3      | Found a transporter.
  2510 | D:4      | Reached skill level 5 in Shields
  2510 | D:4      | Reached XP level 7. HP: 40/55 MP: 10/10
  2515 | D:4      | Reached skill level 5 in Long Blades
  2572 | D:4      | Found an ancient bone altar of Kikubaaqudgha.
  2626 | D:4      | Found Uhemyvingoe's General Store.
  2629 | D:4      | Bought a scroll of fear for 56 gold pieces
  2662 | D:4      | Identified the +5 spear of Udot {drain, rN+ rCorr}
  2719 | D:4      | Found a bloodstained altar of Trog.
  2725 | D:4      | Found a radiant altar of Vehumet.
  2951 | D:4      | Found a sparkling altar of Nemelex Xobeh.
  3059 | D:4      | Found an ornate altar of the Wu Jian Council.
  3106 | D:5      | Entered Level 5 of the Dungeon
  3123 | D:5      | Found a transporter.
  3137 | D:5      | Reached skill level 5 in Fighting
  3137 | D:5      | Reached skill level 5 in Armour
  3150 | D:5      | Found a transporter.
  3201 | D:5      | Reached XP level 8. HP: 52/62 MP: 12/12
  3250 | D:5      | Paralysed by an orc for 5 turns
  3495 | D:5      | Found a staircase to the Ecumenical Temple.
  3513 | Temple   | Entered the Ecumenical Temple
  3574 | Temple   | Became a worshipper of Cheibriados the Contemplative
  4447 | D:6      | Reached * piety under Cheibriados
  4576 | D:6      | Reached XP level 9. HP: 5/69 MP: 14/14
  5410 | D:7      | Reached ** piety under Cheibriados
  5623 | D:7      | Found a broken altar of Ashenzari.
  6930 | D:7      | Found a basalt altar of Yredelemnul.
  7311 | D:8      | Reached skill level 5 in Dodging
  7314 | D:8      | Reached XP level 10. HP: 41/77 MP: 16/16
  8123 | D:8      | Reached *** piety under Cheibriados
  8326 | D:8      | Noticed Prince Ribbit
  8332 | D:8      | Killed Prince Ribbit
  8574 | D:9      | Gained mutation: Your flesh is heat resistant. (rF+)
                  | [potion of mutation]
  8574 | D:9      | Gained mutation: You are partially covered in iridescent
                  | scales. (AC +2) [potion of mutation]
  8574 | D:9      | Gained mutation: You are robust. (+10% HP) [potion of
                  | mutation]
  8574 | D:9      | Gained mutation: You have a pair of small horns on your
                  | head. [potion of mutation]
  8868 | D:9      | Found a blossoming altar of Fedhas.
  8868 | D:9      | Found a hide-covered altar of Uskayaw.
  8870 | D:9      | Found a glowing silver altar of Zin.
  8885 | D:9      | Noticed a two-headed ogre
  8907 | D:9      | Killed a two-headed ogre
  8908 | D:9      | Reached skill level 5 in Spellcasting
  8917 | D:9      | HP: 1/88 [centaur/arrow (12)]
  9644 | D:10     | Entered Level 10 of the Dungeon
  9683 | D:10     | Found a shadowy altar of Dithmenos.
 10015 | D:10     | Identified the +5 plate armour of the Pleiades {rElec Will-
                  | Dex+9}
 10033 | D:10     | Noticed a death yak
 10033 | D:10     | Noticed a death yak
 10034 | D:10     | Found a staircase to the Lair.
 10034 | D:10     | Noticed a death yak
 10051 | D:10     | Slain by a death yak

Illustrated notes

Levels and vault maps discovered:
D:1:      dpeg_arrival_pits, layout_basic
D:2:      layout_rooms, serial_shops, nicolae_lakefront_shop,
          hellmonk_ecumenical_altar_the_god_not_taken
D:3:      layout_basic, gammafunk_ghost_abyssal_escape, serial_co_window_serial,
          co_window_paths_b, co_window_corner_a, co_window_paths_a,
          co_window_corner_a, co_window_of_opportunity_a, co_window_corner_a,
          co_window_cross_1, co_window_corner_ca, co_window_corner_b,
          co_window_corner_b, glass_columns_a, glass_columns_c, glass_columns_c,
          glass_columns_a, gup_sewer_entry_spiral, uniq_crazy_yiuf_cottage
D:4:      layout_cave_pools, nicolae_overflow_hidden_temple,
          mainiacjoe_overflow_catwalk_spiral, nemelex_dance_club_becter,
          mainiacjoe_overflow_alcove_4, serial_shops,
          nicolae_shop_window_shopping, minmay_misc_feat_iff, st_stairs_9
D:5:      gammafunk_wand_slinger, layout_rooms, minmay_temple_entry_offerings,
          minmay_joined_circles
D:6:      layout_cave_pools
D:7:      layout_loops_corners, lemuel_tele_altar, mainiacjoe_overflow_catwalk,
          hangedman_abyss_or_decor_passed, st_stairs_10
D:8:      layout_loops_cross, nrook_loot_triangle, roderic_lattice_a,
          grunt_ministairs_3, uniq_prince_ribbit1
D:9:      layout_basic, chequers_temple_overflow_statue_of_worship,
          kennysheep_generic_room_16
D:10:     kennysheep_kobold_lugonu_temple, layout_long_grid,
          grunt_dithmenos_smoke_and_mirrors, dpeg_lair_monsters,
          dreamdust_princess_corridor
Temple:   chequers_temple_sunken

Skill      XL: |  1  2  3  4  5  6  7  8  9 10 |
---------------+-------------------------------+-----
Long Blades    | 3 4 5 7 8 9 |  9.9
Fighting       | 4 5 6 7 |  7.9
Dodging        | 1 2 3 4 5 6 |  6.0
Armour         | 4 5 6 7 |  7.8
Shields        | 4 5 7 8 9 |  9.5
Spellcasting   | 1 2 3 4 5 |  5.3

Action                     |  1- 3 |  4- 6 |  7- 9 | 10-12 || total
---------------------------+-------+-------+-------+-------++-------
  Melee: Long sword        |    95 |   161 |   155 |   174 ||   585
         Spear             |       |       |   198 |       ||   198
         Dagger            |       |       |    44 |       ||    44
         Headbutt          |       |       |       |    21 ||    21
 Invoke: Bend Time         |       |       |     2 |     3 ||     5
Ability: Hop               |       |     1 |       |     3 ||     4
  Evoke: Wand              |       |     2 |     9 |     4 ||    15
    Use: Scroll            |       |     5 |     8 |       ||    13
         Potion            |       |     1 |     1 |     6 ||     8
   Stab: Paralysed         |       |       |     5 |     8 ||    13
 Armour: Scale mail        |    63 |   112 |     2 |       ||   177
         Plate armour      |       |       |   359 |   172 ||   531
  Dodge: Dodged            |    51 |    93 |   126 |    99 ||   369
  Block: Buckler           |    30 |    42 |   132 |    66 ||   270

Table legend: (Time is in decaauts)
 A = Elapsed time spent in this place.
 B = Non-inter-level travel time spent in this place.
 C = Inter-level travel time spent in this place.
 D = Time resting spent in this place.
 E = Time spent auto-exploring this place.
 F = Levels seen in this place.
 G = Mean time per level.
                   A        B        C        D        E       F      G
               +--------+--------+--------+--------+--------+-----+--------+
         Total |  12936 |  12653 |    283 |   2838 |   7610 |  12 | 1078.0 |
       Dungeon |  12578 |  12326 |    252 |   2718 |   7524 |  10 | 1257.8 |
        Temple |    105 |     75 |     30 |      0 |      0 |   1 |  105.0 |
         Sewer |    252 |    252 |      0 |    120 |     86 |   1 |  252.0 |
               +--------+--------+--------+--------+--------+-----+--------+

Top non-repeatable levels by time:
     D:7: 2235 daAuts
     D:8: 2116 daAuts
     D:9: 1655 daAuts
     D:6: 1501 daAuts
     D:5: 1163 daAuts
     D:4: 932 daAuts
     D:3: 906 daAuts
     D:1: 792 daAuts
     D:2: 717 daAuts
    D:10: 558 daAuts
   Sewer: 252 daAuts
  Temple: 105 daAuts
